 Dungeon Sprint DCSS version 0.30-a0-50-gb2d611f6b1 (webtiles) character file.

Game seed: 12773336776085131004

595 lesbiats the Nimble (level 7, -8/75 HPs)
             Began as a Troll Gladiator on Sept 4, 2022.
             Was an Initiate of Jiyva.
             Mangled by a gargoyle
             ... wielding a +0 morningstar
              (15 damage)
             ... in the Dungeon (Sprint IX: "|||||||||||||||||||||||||||||").
             The game lasted 00:02:55 (229 turns).

lesbiats the Nimble (Troll Gladiator)                Turns: 229, Time: 00:02:56

Health: -8/75      AC:  5    Str: 25    XL:     7   Next: 16%
Magic:  6/6        EV: 15    Int:  7    God:    Jiyva [......]
Gold:   0          SH:  0    Dex: 11    Spells: 6/6 levels left

rFire   . . .      SeeInvis .    o - +2 dire flail (protect)
rCold   . . .      Faith    .    (shield currently unavailable)
rNeg    . . .      Spirit   .    b - +0 robe
rPois   .          Reflect  .    c - +0 hat
rElec   .          Harm     .    p - +0 cloak
rCorr   .          Rampage  .    (gloves unavailable)
Will    .....      NoTele   +    (boots unavailable)
Stlth   +.........               (no amulet)
HPRegen 1.02/turn                r - +3 ring of intelligence
MPRegen 0.10/turn                q - +2 ring of evasion

@: on berserk cooldown, hasted and slowed, invisible
A: large, unfitting armour, claws 3, regeneration 1, shaggy fur 1, tough skin 1
a: Renounce Religion


You were in the Dungeon.
You worshipped Jiyva.
Jiyva was noncommittal.
You visited 1 branch

Inventory:

Hand Weapons
 a - a +0 flail
 o - a +2 dire flail of protection (weapon)
Missiles
 d - 3 throwing nets (quivered)
 e - a large rock
Armour
 b - a +0 robe (worn)
 c - a +0 hat (worn)
 j - a +0 troll leather armour
 p - a +0 cloak (worn)
Jewellery
 q - a +2 ring of evasion (right claw)
 r - a +3 ring of intelligence (left claw)
Wands
 n - a wand of quicksilver (10)
Scrolls
 k - 2 scrolls of blinking
 m - 2 scrolls of amnesia
Potions
 f - 3 potions of curing
 g - a potion of heal wounds
 i - 4 potions of magic


   Skills:
 + Level 6.2 Fighting
 + Level 8.6 Maces & Flails
 - Level 1.7 Throwing
 + Level 9.3 Dodging


You had 6 spell levels left.
You didn't know any spells.
Your spell library was empty.

Dungeon Overview and Level Annotations

Branches:
Dungeon (1/1)

Altars:
Cheibriados
Dithmenos
Elyvilon
Fedhas
Gozag
Hepliaklqana
Kikubaaqudgha
Makhleb
Nemelex Xobeh
Okawaru
Qazlal
Ru
Sif Muna
Trog
Uskayaw
Vehumet
Wu Jian
Xom
Yredelemnul
Zin
The Shining One
Jiyva
Lugonu


Innate Abilities, Weirdness & Mutations

You are too large for most types of armour.
You have claws for hands.
Your natural rate of healing is unusually fast.
You are covered in fur. (AC +1)
You have tough skin. (AC +1)


Message History

The centaur barely misses you. The centaur completely misses you.
You hit the centaur.
Your weapon exudes an aura of protection.
The centaur is lightly wounded.
The centaur closely misses you. The centaur kicks you.
The centaur completely misses you. The centaur closely misses you.
You hit the centaur.
The centaur is moderately wounded.
The centaur hits you but does no damage.
The centaur closely misses you.
The centaur hits you but does no damage.
The centaur barely misses you.
You hit the centaur.
The centaur is heavily wounded.
The centaur barely misses you. The centaur closely misses you. x2
The centaur completely misses you.
You hit the centaur.
The centaur is severely wounded.
The centaur barely misses you.
The centaur kicks you but does no damage.
The centaur misses you. The centaur barely misses you.
You thump the centaur!
You kill the centaur!
The gargoyle hurls a stone arrow at you.
The stone arrow hits you!
* * * LOW HITPOINT WARNING * * *
j - a +0 troll leather armour The gargoyle closely misses you.
Okay, then.
You fade into invisibility!
The gargoyle hits you with a +0 morningstar!!
* * * LOW HITPOINT WARNING * * *
The gargoyle hurls a stone arrow at you.
The stone arrow misses you.
There is an open door, spattered with blood here.
You see here a killer bee corpse.
There is a glowing golden altar of the Shining One here.
You feel yourself speed up. The gargoyle closely misses you.
The gargoyle hits you with a +0 morningstar!
You die... ▓▓▓▓▓▓▓▓▓▓▓▓▓▓▓▓▓▓▓▓▓▓▓▓▓▓▓▓▓▓▓▓▓ .y...'..[[..))y9@________________ ▓▓▓▓▓▓▓▓▓▓▓▓▓▓▓▓▓▓▓▓▓▓▓▓▓▓▓▓▓▓▓▓▓

You could see a gargoyle (unable to see you) and a killer bee (unable to see you).

Vanquished Creatures
  A troll (D)
  A yak (D)
  A centaur (D)
  A phantom (D)
  A killer bee (D)
  An adder (D)
  A gnoll (D)
  A dart slug (D)
  An orc (D)
  3 endoplasms (D)
  A quokka (D)
  A ball python (D)
14 creatures vanquished.

Notes
Turn   | Place    | Note
-------+----------+-------------------------------------------
     0 | D        | lesbiats the Troll Gladiator began the quest for the Orb.
     0 | D        | Reached XP level 1. HP: 19/19 MP: 0/0
    10 | D        | Reached skill level 3 in Dodging
    28 | D        | Noticed a phantom
    31 | D        | Reached XP level 2. HP: 28/28 MP: 1/1
    34 | D        | Reached skill level 4 in Dodging
    45 | D        | Killed a phantom
    46 | D        | Reached skill level 6 in Dodging
    46 | D        | Reached XP level 3. HP: 7/39 MP: 2/2
    46 | D        | Reached XP level 4. HP: 8/48 MP: 3/3
   120 | D        | Found a snail-covered altar of Cheibriados.
   120 | D        | Found a shadowy altar of Dithmenos.
   120 | D        | Found a white marble altar of Elyvilon.
   120 | D        | Found a blossoming altar of Fedhas.
   120 | D        | Found an opulent altar of Gozag.
   121 | D        | Found a hazy altar of Hepliaklqana.
   122 | D        | Found a viscous altar of Jiyva.
   123 | D        | Found an ancient bone altar of Kikubaaqudgha.
   124 | D        | Found a corrupted altar of Lugonu.
   125 | D        | Found a burning altar of Makhleb.
   126 | D        | Found a sparkling altar of Nemelex Xobeh.
   127 | D        | Found an iron altar of Okawaru.
   128 | D        | Found a stormy altar of Qazlal.
   129 | D        | Found a sacrificial altar of Ru.
   130 | D        | Became a worshipper of Jiyva Joim the Shapeless
   131 | D        | Found a shimmering blue altar of Sif Muna.
   132 | D        | Found a bloodstained altar of Trog.
   133 | D        | Found a hide-covered altar of Uskayaw.
   134 | D        | Found a radiant altar of Vehumet.
   135 | D        | Found an ornate altar of the Wu Jian Council.
   136 | D        | Found a shimmering altar of Xom.
   137 | D        | Found a basalt altar of Yredelemnul.
   138 | D        | Found a glowing silver altar of Zin.
   139 | D        | Found a glowing golden altar of the Shining One.
   173 | D        | Noticed a gargoyle
   173 | D        | Noticed a centaur
   173 | D        | Noticed a troll
   173 | D        | Noticed a yak
   203 | D        | Reached skill level 7 in Dodging
   203 | D        | Reached XP level 5. HP: 55/55 MP: 4/4
   209 | D        | Killed a yak
   210 | D        | Reached skill level 5 in Fighting
   210 | D        | Reached skill level 8 in Dodging
   210 | D        | Reached XP level 6. HP: 55/66 MP: 5/5
   217 | D        | Killed a troll
   218 | D        | Reached skill level 9 in Dodging
   218 | D        | Reached XP level 7. HP: 30/75 MP: 6/6
   226 | D        | HP: 3/75 [gargoyle/+0 morningstar (20)]
   229 | D        | Mangled by a gargoyle

Illustrated notes

Levels and vault maps discovered:
D:        linesprint [early_d, line_temple, items_1, d_10, items_2, lair_1,
          lair_end, items_3, orc_1, orc_end, items_4, d_15, swamp_1, shoals_1,
          snake_1, spider_1, d_20, vaults_1, items_5, swamp_end, shoals_end,
          snake_end, spider_end, vaults_end, d_27, items_6, zot_1, zot_end,
          crypt_end, forest_end, elf_end, slime_end, tomb_end, abyss_end,
          pan_hell_end]

Skill      XL: |  1  2  3  4  5  6 |
---------------+-------------------+-----
Dodging        | 3 6 7 8 9 |  9.3
Fighting       | 2 3 4 5 6 |  6.2
Maces & Flails | 3 6 8 |  8.6
Throwing       | |  1.7

Action                   |  1- 3 |  4- 6 |  7- 9 || total
-------------------------+-------+-------+-------++-------
Melee: Flail             |    26 |     8 |       ||    34
       Punch             |     3 |       |       ||     3
       Dire flail        |       |    28 |     6 ||    34
  Use: Potion            |       |     5 |     2 ||     7
Armor: Robe              |     2 |    18 |     4 ||    24
Dodge: Dodged            |    20 |    59 |    21 ||   100

Table legend: (Time is in decaauts)
 A = Elapsed time spent in this place.
 B = Non-inter-level travel time spent in this place.
 C = Inter-level travel time spent in this place.
 D = Time resting spent in this place.
 E = Time spent auto-exploring this place.
 F = Levels seen in this place.
 G = Mean time per level.
                   A        B        C        D        E       F      G
               +--------+--------+--------+--------+--------+-----+--------+
         Total |    243 |    243 |      0 |     50 |     16 |   1 |  243.0 |
       Dungeon |    243 |    243 |      0 |     50 |     16 |   1 |  243.0 |
               +--------+--------+--------+--------+--------+-----+--------+

Top non-repeatable levels by time:
       D: 243 daAuts
